 Dungeon Crawl Stone Soup version 0.30-a0-297-g0ec75d9ef4 (webtiles) character file.

Game seed: 16257826971442822439

997 Bnni the Skirmisher (level 8, 0/64 HPs)
             Began as a Formicid Hunter on Oct 18, 2022.
             Slain by a kobold (1 damage)
             ... in a bailey.
             The game lasted 00:07:32 (4068 turns).

Bnni the Skirmisher (Formicid Hunter)               Turns: 4068, Time: 00:07:33

Health: 0/64       AC:  3    Str: 15    XL:     8   Next: 42%
Magic:  8/8        EV: 12    Int: 10    God:
Gold:   197        SH:  0    Dex: 19    Spells: 7/7 levels left

rFire   + . .      SeeInvis +    (no weapon)
rCold   . . .      Faith    .    (no shield)
rNeg    . . .      Spirit   .    c - +0 leather armour
rPois   .          Reflect  .    (helmet unavailable)
rElec   .          Harm     .    (no cloak)
rCorr   .          Rampage  .    (no gloves)
Will    .....                    (no boots)
Stlth   ++........               (no amulet)
HPRegen 0.30/turn                k - ring of protection from fire
MPRegen 0.11/turn                (no ring)

@: mighty
A: permanent stasis, dig shafts and tunnels, antennae 3, four strong arms
a: Dig


You were in a bailey.
You visited 2 branches of the dungeon, and saw 6 of its levels.
You also visited: Bailey.

You collected 197 gold pieces.

Inventory:

Hand Weapons
 a - a +0 shortbow
Armour
 c - a +0 leather armour (worn)
Jewellery
 k - a ring of protection from fire (left hand)
 m - a ring of ice
Wands
 d - a wand of quicksilver (8)
 n - a wand of digging (7)
Scrolls
 b - 4 scrolls of immolation
 h - a scroll of amnesia
 j - 2 scrolls of fog {unknown}
 l - a scroll of enchant armour {unknown}
Potions
 g - a potion of resistance
 o - a potion of cancellation


   Skills:
 + Level 6.1 Fighting
 * Level 8.6 Ranged Weapons
 - Level 1.7 Dodging
 - Level 1.2 Stealth


You had 7 spell levels left.
You didn't know any spells.
Your spell library was empty.

Dungeon Overview and Level Annotations

Branches:
Dungeon (7/15)             Temple (1/1) D:4          Bailey (1/1)

Altars:
Ashenzari
Elyvilon
Hepliaklqana
Kikubaaqudgha
Makhleb
Nemelex Xobeh
Qazlal
Sif Muna
Trog
Vehumet
Wu Jian
Zin
The Shining One

Shops:
D:1 [

Annotations:
Bailey 3 runed translucent doors


Innate Abilities, Weirdness & Mutations

You cannot be hasted, slowed, berserked, paralysed or teleported.
You can dig through walls and to a lower floor.
You have a pair of large antennae on your head. (SInv)
Your four strong arms can wield two-handed weapons with a shield.


Message History

The orc warrior hits you with a +0 war axe!
Unknown command.
Unknown command.
You feel very mighty all of a sudden.
You kill the orc warrior!
The orc warrior hits you with a +0 war axe!
Your Fighting skill increases to level 6!
You shoot an arrow. The arrow hits the orc warrior.
The orc warrior is lightly wounded.
The kobold barely misses you. The orc warrior misses you.
The kobold closely misses you.
You shoot an arrow. The arrow hits the orc warrior.
The orc warrior is moderately wounded.
The orc warrior hits you with a +0 war axe!
* * * LOW HITPOINT WARNING * * *
The kobold barely misses you. The kobold hits you but does no damage.
You are now empty-handed.
The kobold closely misses you.
The orc warrior hits you with a +0 war axe!
* * * LOW HITPOINT WARNING * * *
You closely miss the orc warrior.
The orc warrior is moderately wounded.
The kobold barely misses you. The kobold hits you but does no damage.
The orc warrior closely misses you.
You barely miss the orc warrior.
The orc warrior is moderately wounded.
The kobold hits you but does no damage. The kobold closely misses you.
The orc warrior barely misses you.
You hit the orc warrior.
The orc warrior is moderately wounded.
The kobold barely misses you. The kobold completely misses you.
The orc warrior hits you with a +0 war axe!
* * * LOW HITPOINT WARNING * * *
Unknown command.
Okay, then.
As you read the scroll labelled VONY POBETIOTT, it crumbles to dust.
You hear a loud clanging noise!
It was a scroll of noise.
You hear a shout! x3
The kobold hits you.
You die...

...
...###'###..♣♣
.8. .8.~#.(..##.♣
~~~~ ~~~#.....##♣
#~~~####.)....##
.#+++#......8...#
................#
.......Kg.......#
..(....KK8..8..##
#######o@.....##
##.....## ##...##
#####


You could see an orc warrior, a hobgoblin and 3 kobolds.

Vanquished Creatures
  2 sky beasts
  2 orc warriors
  A kobold brigand (D:3)
  2 necrophages (D:4)
  A scorpion (D:4)
  A hound (D:7)
  Jessica (D:3)
  Ijyb (D:3)
  Natasha (twice) (D:2)
  2 orc wizards (D:3)
  3 gnolls (D:4)
  5 adders
  A shadow imp (D:7)
  A dart slug (D:2)
  14 orcs
  10 ball pythons
  7 bats
  7 endoplasms
  4 giant cockroaches
  8 goblins
  6 hobgoblins
  3 jackals (D:3)
  9 kobolds
  3 quokkas
  6 frilled lizards
  6 rats
108 creatures vanquished.

Vanquished Creatures (others)
  A plant (D:3)
1 creature vanquished.

Grand Total: 109 creatures vanquished

Notes
Turn   | Place    | Note
-------+----------+-------------------------------------------
     0 | D:1      | Bnni the Formicid Hunter began the quest for the Orb.
     0 | D:1      | Reached XP level 1. HP: 16/16 MP: 1/1
    16 | D:1      | Found Gurioja's Antique Armour Boutique.
   128 | D:1      | Reached XP level 2. HP: 23/23 MP: 2/2
   288 | D:1      | Reached XP level 3. HP: 28/28 MP: 3/3
  1105 | D:2      | Reached XP level 4. HP: 35/35 MP: 4/4
  1118 | D:2      | Reached skill level 5 in Ranged Weapons
  1123 | D:2      | Noticed Natasha
  1133 | D:2      | Killed Natasha
  1227 | D:2      | Noticed Natasha
  1417 | D:2      | Killed Natasha
  1418 | D:2      | Reached XP level 5. HP: 15/41 MP: 5/5
  1586 | D:3      | Found a faded altar of an unknown god.
  1694 | D:3      | Noticed Ijyb
  1706 | D:3      | Killed Ijyb
  2112 | D:3      | Found an ancient bone altar of Kikubaaqudgha.
  2130 | D:3      | Reached skill level 6 in Ranged Weapons
  2346 | D:3      | Found a bloodstained altar of Trog.
  2436 | D:3      | Noticed a kobold brigand
  2441 | D:3      | Reached XP level 6. HP: 41/48 MP: 6/6
  2592 | D:3      | Noticed Jessica
  2595 | D:3      | Killed Jessica
  2697 | D:3      | Found a shimmering blue altar of Sif Muna.
  2906 | D:4      | Noticed a sky beast
  2920 | D:3      | Killed a sky beast
  2921 | D:3      | Reached skill level 7 in Ranged Weapons
  2921 | D:3      | Reached XP level 7. HP: 30/55 MP: 7/7
  3016 | D:4      | Reached skill level 5 in Fighting
  3228 | D:4      | Found a staircase to the Ecumenical Temple.
  3237 | Temple   | Entered the Ecumenical Temple
  3539 | D:4      | Reached skill level 8 in Ranged Weapons
  3539 | D:4      | Reached XP level 8. HP: 37/63 MP: 8/8
  3556 | D:4      | You fall into a shaft and drop 3 floors!
  3709 | D:7      | Found a radiant altar of Vehumet.
  3972 | D:7      | Found a flagged portal.
  3994 | Bailey   | Entered a bailey
  3999 | Bailey   | Noticed an orc warlord
  4045 | Bailey   | Found a runed translucent gate.
  4047 | Bailey   | Found a runed translucent gate.
  4049 | Bailey   | Found a runed translucent gate.
  4067 | Bailey   | HP: 1/64 [orc warrior/+0 war axe (9)]
  4068 | Bailey   | Slain by a kobold

Illustrated notes

Levels and vault maps discovered:
D:1:      dpeg_arrival_shrine, layout_loops_ring, serial_shops,
          nicolae_shop_statue_plus, st_stairs_11,
          chequers_serial_rivers_small_b, minmay_misc_feat_rows,
          minmay_misc_feat_diagonals, minivault_5, kennysheep_another_room
D:2:      layout_rooms, uniq_natasha
D:3:      layout_basic, led_sif_book, mainiacjoe_overflow_six_doors_small,
          mainiacjoe_overflow_paths, serial_bayou, serial_bayou_shore_b,
          serial_bayou_pond_a, serial_bayou_crossing, serial_bayou_shore_b,
          shapermc_ecumenical_altar_venn, st_stairs_7, uniq_ijyb, uniq_jessica
D:4:      layout_rooms, minmay_temple_entry_wispy
D:7:      layout_loops_cross, mainiacjoe_overflow_boulevard,
          lemuel_mausoleum_altar_yredelemnul, enter_bailey_4
Temple:   compressed_dpeg_triangle_lava_temple
Bailey:   bailey_axe_bossmonster_kennysheep, bailey

Skill      XL: |  1  2  3  4  5  6  7  8 |
---------------+-------------------------+-----
Fighting       | 3 4 5 6 |  6.1
Ranged Weapons | 5 6 7 8 |  8.6
Dodging        | |  1.7
Stealth        | |  1.2

Action                   |  1- 3 |  4- 6 |  7- 9 || total
-------------------------+-------+-------+-------++-------
Melee: Unarmed           |       |       |     3 ||     3
 Fire: Shortbow          |    80 |   172 |   123 ||   375
Throw: Dart              |       |       |     1 ||     1
 Abil: Dig               |       |     1 |       ||     1
       Shaft Self        |       |       |     1 ||     1
  Use: Scroll            |       |     6 |     1 ||     7
       Potion            |       |     4 |     2 ||     6
Armor: Leather armour    |     7 |    16 |    18 ||    41
Dodge: Dodged            |    12 |    65 |    55 ||   132

Table legend: (Time is in decaauts)
 A = Elapsed time spent in this place.
 B = Non-inter-level travel time spent in this place.
 C = Inter-level travel time spent in this place.
 D = Time resting spent in this place.
 E = Time spent auto-exploring this place.
 F = Levels seen in this place.
 G = Mean time per level.
                   A        B        C        D        E       F      G
               +--------+--------+--------+--------+--------+-----+--------+
         Total |   4174 |   4015 |    159 |    617 |   2632 |   7 |  596.3 |
       Dungeon |   3843 |   3684 |    159 |    617 |   2395 |   5 |  768.6 |
        Temple |    251 |    251 |      0 |      0 |    237 |   1 |  251.0 |
        Bailey |     78 |     78 |      0 |      0 |      0 |   1 |   78.0 |
               +--------+--------+--------+--------+--------+-----+--------+

Top non-repeatable levels by time:
     D:3: 1475 daAuts
     D:1: 961 daAuts
     D:2: 644 daAuts
     D:7: 447 daAuts
     D:4: 314 daAuts
  Temple: 251 daAuts
  Bailey: 78 daAuts
